cohdb
Replays
Latest Replays
All Replays
Popular Replays
Top Player Replays
Match Explorer
How It Works
Community
CoH3 Stats
Reddit
Sign in to upload your games and track your stats! →
Sign in with Steam
Match 41759259
Unlisted
Match 41759259
Overview
Messages
Build Orders
End
Construct Section Command Post
Royal Engineer Section
Selects Canadian Shock Battlegroup
Infantry Section
Vickers Machine Gun Team
ML 3-inch Mortar Team
Construct Platoon Command Post
Selects Attacking Spirit
Selects Canadian Shock Section
Humber Armored Car
Grenade Package
Canadian Shock Section
Infantry Section
Construct Company Command Post
Selects Burnout
6-pounder Anti-tank Gun Team
Crusader II Medium Tank
Selects Pyrotechnics
Crusader II Medium Tank
Unlock Bishop Self-propelled Artillery
Canadian Shock Section
Bishop Self-propelled Artillery
Crusader II Medium Tank
Unlock M3 Grant Medium Tanks
matjouz
Sarmynation
Grover the Trash Hermit
John Matrix
0
0
Comments
sign in to comment!
No comments posted yet!